 Dungeon Crawl Stone Soup version 0.29.1-1-gd02db6906a (webtiles) character file.

Game seed: 12253720586183399870

12732 nshep25 the Severer (level 11, -2/97 HPs)
             Began as a Minotaur Fighter on Sept 30, 2022.
             Was an Elder of the Shining One.
             Slain by a sixfirhy (4 damage)
             ... in a Gauntlet.
             The game lasted 00:47:54 (12269 turns).

nshep25 the Severer (Minotaur Fighter)             Turns: 12269, Time: 00:47:55

Health: -2/97      AC: 31    Str: 25    XL:     11   Next: 66%
Magic:  7/10       EV:  8    Int:  5    God:    the Shining One [****..]
Gold:   216        SH: 11    Dex: 10    Spells: 10/10 levels left

rFire   + . .      SeeInvis +   a - +3 war axe (protect)
rCold   + + .      Faith    .   c - +0 buckler
rNeg    + + .      Spirit   .   C - +2 plate armour of the Demon Prince {rPois rC+}
rPois   +          Reflect  .   (helmet restricted)
rElec   +          Harm     .   p - +0 cloak
rCorr   +          Rampage  .   (no gloves)
Will    .....      NoTele   +   v - +0 pair of boots
Stlth   ..........              (no amulet)
HPRegen 0.26/turn               t - ring of see invisible
MPRegen 0.12/turn               N - +4 ring of protection

@: divinely shielded, resistant, under a protective aura, glowing
A: horns 2, retaliatory headbutt
a: Renounce Religion, Divine Shield, Cleansing Flame


You were in a Gauntlet.
You worshipped the Shining One.
The Shining One was greatly pleased with you.
You visited 2 branches of the dungeon, and saw 12 of its levels.
You also visited: Sewer and Gauntlet.

You collected 767 gold pieces.
You spent 551 gold pieces at shops.

Inventory:

Hand Weapons
 a - a +3 war axe of protection (weapon)
 b - the +8 war axe "Grim Tooth" {flame, *Slow Fly rPois rCorr}
   (You took it off an orc on level 10 of the Dungeon)

   It burns those it strikes, dealing additional fire damage.
   Big, fiery blades are also staple armaments of hydra-hunters.
   rPois:     It protects you from poison.
   Fly:       It grants you flight.
   rCorr:     It protects you from acid and corrosion.
   *Slow:     It may slow you when you take damage.
Missiles
 n - 27 poisoned darts (quivered)
 o - 6 javelins
 z - 11 boomerangs
Armour
 c - a +0 buckler (worn)
 p - a +0 cloak (worn)
 v - a +0 pair of boots (worn)
 C - the +2 plate armour of the Demon Prince (worn) {rPois rC+}
   (You found it on level 10 of the Dungeon)

   rC:        It protects you from cold.
   rPois:     It protects you from poison.
 G - a +1 chain mail of poison resistance
Jewellery
 t - a ring of see invisible (left hand)
 y - a ring of resist corrosion
 H - a ring of magical power
 M - the ring "Fiwooqan" {rPois rN+ Will+ Int+4}
   (You found it in a Gauntlet)

   [ring of poison resistance]

   Int:       It affects your intelligence (+4).
   rPois:     It protects you from poison.
   rN:        It protects you from negative energy.
   Will:      It increases your willpower.
 N - a +4 ring of protection (right hand)
Wands
 i - a wand of flame (4)
 j - a wand of quicksilver (4)
 k - a wand of polymorph (2)
 r - a wand of paralysis (16)
 K - a wand of iceblast (6)
 L - a wand of mindburst (5)
Scrolls
 d - a scroll of amnesia {unknown}
 e - 4 scrolls of teleportation
 q - 4 scrolls of magic mapping
 s - 4 scrolls of fog
 x - a scroll of enchant weapon
 A - a scroll of summoning
 B - a scroll of silence
 F - 2 scrolls of blinking
 J - 3 scrolls of identify
Potions
 f - a potion of flight {unknown}
 g - 2 potions of curing
 h - 4 potions of haste
 l - 2 potions of magic
 m - 2 potions of might
 u - 2 potions of brilliance
 w - 2 potions of berserk rage
 D - a potion of ambrosia
 I - a potion of heal wounds {unknown}


   Skills:
 + Level 9.5 Fighting
 + Level 15.2 Axes
 + Level 11.8 Armour
 + Level 3.6 Dodging
 + Level 1.8 Stealth
 + Level 7.3 Shields
 + Level 1.7 Unarmed Combat
 + Level 0.1 Evocations


You had 10 spell levels left.
You didn't know any spells.
Your spell library contained the following spells:

 Spells                   Type           Power      Damage    Failure   Level
 Beastly Appendage        Tmut           0%         N/A       99%         1
 Static Discharge         Conj/Air       0%         3-3/arc   100%        2
 Wereblood                Tmut           0%         N/A       100%        2
 Call Canine Familiar     Summ           0%         N/A       100%        3
 Conjure Flame            Conj/Fire      0%         6-21      100%        3
 Ignite Poison            Fire/Tmut/Pois 0%         N/A       100%        3
 Portal Projectile        Hex/Tloc       0%         N/A       100%        3
 Spider Form              Tmut/Pois      0%         N/A       100%        3
 Leda's Liquefaction      Hex/Erth       0%         N/A       100%        4
 Sticky Flame             Conj/Fire      0%         2d3       100%        4
 Lightning Bolt           Conj/Air       0%         1d11      100%        5
 Maxwell's Capacitive Co  Air            0%         ∞         100%        8


Dungeon Overview and Level Annotations

Branches:
Dungeon (11/15)            Temple (1/1) D:4           Sewer (visited)
Gauntlet (1/1)
   Lair: D:8-11         Orc: D:9-12

Altars:
Ashenzari
Cheibriados
Dithmenos
Elyvilon
Fedhas
Gozag
Hepliaklqana
Kikubaaqudgha
Makhleb
Nemelex Xobeh
Okawaru
Qazlal
Ru
Sif Muna
Trog
Uskayaw
Vehumet
Wu Jian
Xom
Yredelemnul
Zin
The Shining One

Shops:
D:4 ?   D:6 [   D:10 (

Annotations:
Gauntlet 7 transporters, exclusion: orange crystal statue


Innate Abilities, Weirdness & Mutations

You have a pair of horns on your head.
You reflexively headbutt those who attack you in melee.


Message History

The sixfirhy hits you but does no damage.
You feel better.
You feel better.
The sixfirhy hits you but does no damage.
The sixfirhy hits you. The sixfirhy shocks you!
* * * LOW HITPOINT WARNING * * *
You hit the sixfirhy.
Your weapon exudes an aura of protection.
Your headbutt misses the sixfirhy.
The sixfirhy is lightly wounded.
You block the sixfirhy's attack. The sixfirhy hits you.
* * * LOW HITPOINT WARNING * * *
The sixfirhy shocks you!
* * * LOW HITPOINT WARNING * * *
The sixfirhy hits you but does no damage.
You slice the sixfirhy!!
The sixfirhy is heavily wounded.
The sixfirhy hits you but does no damage.
The sixfirhy hits you!
* * * LOW HITPOINT WARNING * * *
The sixfirhy shocks you! The Shining One protects you from harm!
The sixfirhy hits you but does no damage.
Your shield is strengthened by the Shining One's divine power.
Aiming: Paralyse
Press: ? - help, Shift-Dir - straight line, f - sixfirhy
Aim: a sixfirhy (moderately wounded, haloed, chance to affect: 17%)
Okay, then.
Aiming: Paralyse
Press: ? - help, Shift-Dir - straight line, f - sixfirhy
Aim: a sixfirhy (moderately wounded, haloed, chance to affect: 17%)
The sixfirhy resists with almost no effort.
You feel protected. The sixfirhy misses you.
The sixfirhy hits you but does no damage.
You block the sixfirhy's attack.
You feel better. The sixfirhy hits you!
* * * LOW HITPOINT WARNING * * *
The sixfirhy shocks you. You resist.
You die...

.##...#..#[#..#..^.#####".##.##
.##.8.#..#.##^##.#.#...#.#.....
......#..#^^^......#...#.......
.##...#..###########...########
.##.©.#≈.............≈.........
......#∩............≈8≈........
.##.©.#≈.............≈.........
.##...#..###########...########
......#..#....@33..#...#.......
.##.8.#..#...###...#...#.......
.##...#..#)...#....#####..#...#
....8.#..#[#..#©.#.#...#.......
.##...#..#©.######.#©.©#©...©..
#§8≈#..#?#..#..#.#...#.......
#####..#....#....#####..#...#
#..#...###...#...#.......
###..#.........#.8.#.......


You could see 2 sixfirhies.

Vanquished Creatures
  Erica (D:9)
  A fire crab (Gauntlet)
  A sixfirhy (Gauntlet)
  Maurice (D:8)
  Joseph (D:9)
  The ghost of Cheops the Basher, a novice GrFi (D:5)
  A troll (D:9)
  A hornet (D:8)
  Grinder (D:4)
  A shadow (D:10)
  2 wraiths
  23 yaks
  Sigmund (D:4)
  4 fire bats (Gauntlet)
  Menkaure (D:4)
  A water moccasin (D:8)
  Duvessa (D:4)
  5 orc warriors
  2 ice beasts
  2 black bears
  2 ogres (D:5)
  4 centaurs
  2 phantoms (D:6)
  3 bullfrogs
  A kobold brigand (D:9)
  A gnoll sergeant (D:6)
  2 necrophages
  A scorpion (D:5)
  14 wights
  Dowan (D:4)
  11 killer bees
  A howler monkey (D:8)
  5 hounds
  4 jellies
  13 orc priests
  6 iguanas
  A gnoll bouda (D:6)
  5 orc wizards
  Robin (D:3)
  11 gnolls
  7 adders
  6 river rats (Sewer)
  4 shadow imps
  2 white imps
  8 ufetubi
  2 worms
  A dart slug (D:1)
  38 orcs
  13 ball pythons
  5 endoplasms
  4 giant cockroaches
  7 hobgoblins
  14 jackals
  5 quokkas
  2 bats
  7 frilled lizards
  11 goblins
  10 kobolds
  3 rats
  3 bushes (D:7)
293 creatures vanquished.

Vanquished Creatures (collateral kills)
  A wight (D:5)
  An orc (D:5)
2 creatures vanquished.

Vanquished Creatures (others)
  A butterfly (D:4)
  23 demonic plants (Gauntlet)
  17 plants (Sewer)
41 creatures vanquished.

Grand Total: 336 creatures vanquished

Notes
Turn   | Place    | Note
-------+----------+-------------------------------------------
     0 | D:1      | nshep25 the Minotaur Fighter began the quest for the Orb.
     0 | D:1      | Reached XP level 1. HP: 19/19 MP: 0/0
   151 | D:1      | Reached XP level 2. HP: 26/27 MP: 1/1
   644 | D:1      | Found a faded altar of an unknown god.
   850 | D:2      | Reached XP level 3. HP: 31/33 MP: 2/2
   936 | D:2      | Reached skill level 3 in Axes
   947 | D:2      | Reached XP level 4. HP: 5/40 MP: 3/3
  1712 | D:3      | Noticed Robin
  1721 | D:3      | Killed Robin
  1722 | D:3      | Reached skill level 4 in Axes
  2376 | D:4      | Found a glowing drain.
  2379 | D:4      | Noticed a centaur
  2381 | D:4      | Reached XP level 5. HP: 46/46 MP: 4/4
  2393 | D:4      | Killed a centaur
  2394 | D:4      | Reached skill level 5 in Axes
  2394 | D:4      | Reached skill level 1 in Dodging
  2463 | Sewer    | Entered a sewer
  2739 | Sewer    | Reached XP level 6. HP: 51/53 MP: 5/5
  2944 | Sewer    | Reached skill level 5 in Armour
  3346 | D:4      | Found Ruanwemn's Magic Scroll Emporium.
  3378 | D:4      | Noticed Dowan
  3381 | D:4      | Found a staircase to the Ecumenical Temple.
  3382 | D:4      | Noticed Duvessa
  3386 | D:4      | Killed Dowan
  3422 | Temple   | Entered the Ecumenical Temple
  3422 | Temple   | Found a transporter.
  3422 | Temple   | Found a transporter.
  3685 | Temple   | Found a transporter.
  3685 | Temple   | Found a transporter.
  3715 | Temple   | Became a worshipper of the Shining One
  3767 | D:4      | Killed Duvessa
  3960 | D:4      | Bought 2 scrolls of identify for 40 gold pieces
  3960 | D:4      | Bought a scroll of enchant weapon for 75 gold pieces
  3960 | D:4      | Bought a scroll of identify for 20 gold pieces
  3960 | D:4      | Bought a scroll of identify for 20 gold pieces
  4006 | D:4      | Noticed Sigmund
  4020 | D:4      | Reached XP level 7. HP: 50/60 MP: 6/6
  4023 | D:4      | Killed Sigmund
  4024 | D:4      | Reached skill level 6 in Axes
  4024 | D:4      | Reached skill level 5 in Shields
  4115 | D:4      | Noticed Grinder
  4139 | D:4      | Killed Grinder
  4140 | D:4      | Reached skill level 5 in Fighting
  4140 | D:4      | Noticed Menkaure
  4144 | D:4      | Killed Menkaure
  4145 | D:4      | Reached XP level 8. HP: 58/68 MP: 7/7
  4240 | D:4      | Found a white marble altar of Elyvilon.
  4383 | D:5      | Entered Level 5 of the Dungeon
  4628 | D:5      | Reached skill level 7 in Axes
  4633 | D:5      | Reached skill level 1 in Unarmed Combat
  4932 | D:5      | Found a runed translucent gate.
  4949 | D:5      | Found a runed translucent gate.
  4949 | D:5      | Found an opulent altar of Gozag.
  4950 | D:5      | Found a runed translucent gate.
  4952 | D:5      | Noticed Cheops's ghost (novice GrFi)
  5051 | D:5      | Found a bloodstained altar of Trog.
  5322 | D:5      | Reached * piety under the Shining One
  5324 | D:5      | Killed Cheops's ghost
  5325 | D:5      | Reached skill level 8 in Axes
  5559 | D:6      | Reached XP level 9. HP: 70/75 MP: 8/8
  5637 | D:6      | Reached skill level 9 in Axes
  5692 | D:6      | Paralysed by an orc for 3 turns
  5823 | D:6      | Reached ** piety under the Shining One
  6002 | D:6      | Reached skill level 10 in Axes
  6318 | D:6      | Found Sazypy's Antique Armour Shoppe.
  6325 | D:6      | Bought an ichor-stained scale mail for 216 gold pieces
  6325 | D:6      | Identified the +0 scale mail of Quiet Fog {Rampage Drain
                  | Int+2 Dex+6} (You bought it in a shop on level 6 of the
                  | Dungeon)
  6807 | D:7      | Found a shadowy altar of Dithmenos.
  6839 | D:7      | Found a glowing silver altar of Zin.
  6930 | D:7      | Found a hazy altar of Hepliaklqana.
  7178 | D:7      | Found a shimmering blue altar of Sif Muna.
  7363 | D:7      | Found an ornate altar of the Wu Jian Council.
  7635 | D:8      | Reached skill level 10 in Armour
  7640 | D:8      | Reached skill level 11 in Axes
  7640 | D:8      | Reached XP level 10. HP: 65/88 MP: 9/9
  7744 | D:8      | Reached skill level 1 in Stealth
  7744 | D:8      | Reached *** piety under the Shining One
  7748 | D:8      | Noticed Maurice
  7758 | D:8      | Killed Maurice
  7779 | D:8      | Found a blossoming altar of Fedhas.
  7855 | D:8      | Found a broken altar of Ashenzari.
  9148 | D:6      | Bought a runed chain mail for 180 gold pieces
  9232 | D:9      | Noticed Joseph
  9243 | D:9      | Killed Joseph
  9244 | D:9      | Reached skill level 12 in Axes
  9437 | D:9      | Reached skill level 13 in Axes
  9562 | D:9      | Reached XP level 11. HP: 73/95 MP: 10/10
  9718 | D:9      | Noticed Erica
  9727 | D:9      | Killed Erica
 10460 | D:10     | Entered Level 10 of the Dungeon
 10464 | D:10     | Found an iron altar of Okawaru.
 10477 | D:10     | Reached **** piety under the Shining One
 10518 | D:10     | Found a hide-covered altar of Uskayaw.
 10600 | D:10     | Identified the +2 plate armour of the Demon Prince {rPois
                  | rC+}
 10704 | D:10     | Reached skill level 14 in Axes
 10954 | D:10     | Found Zipt's Antique Weapon Shop.
 10968 | D:10     | Identified the +5 ring mail of the Pit {-Tele rF- rN+
                  | Will++}
 11070 | D:10     | Identified the +8 war axe "Grim Tooth" {flame, *Slow Fly
                  | rPois rCorr}
 11403 | D:11     | Found a gate leading to a gauntlet.
 11439 | Gauntlet | Entered a Gauntlet
 11439 | Gauntlet | Found a transporter.
 11439 | Gauntlet | Found a transporter.
 11441 | Gauntlet | Noticed a fire crab
 11443 | Gauntlet | Found a transporter.
 11443 | Gauntlet | Found a transporter.
 11443 | Gauntlet | Found a transporter.
 11448 | Gauntlet | Noticed a sixfirhy
 11449 | Gauntlet | Noticed a tengu warrior
 11453 | Gauntlet | Found a transporter.
 11457 | Gauntlet | Found a transporter.
 11461 | Gauntlet | Noticed a sixfirhy
 11467 | Gauntlet | Found a transporter.
 11473 | Gauntlet | Noticed a sixfirhy
 11478 | Gauntlet | Found a transporter.
 11478 | Gauntlet | Noticed an orange crystal statue
 11496 | Gauntlet | Found a transporter.
 11500 | Gauntlet | Found a transporter.
 11514 | Gauntlet | Found a transporter.
 11898 | Gauntlet | Killed a fire crab
 11899 | Gauntlet | Reached skill level 15 in Axes
 12204 | Gauntlet | Identified the ring "Fiwooqan" {rPois rN+ Will+ Int+4}
 12226 | Gauntlet | Killed a sixfirhy
 12265 | Gauntlet | HP: 2/97 [sixfirhy (9)]
 12265 | Gauntlet | The Shining One protects you from harm!
 12269 | Gauntlet | Slain by a sixfirhy

Illustrated notes

Levels and vault maps discovered:
D:1:      shiori_shiawase, layout_loops_ring,
          hellmonk_ecumenical_altar_inner_sanctum, minmay_misc_feat_roman
D:2:      layout_rooms
D:3:      layout_basic, uniq_robin
D:4:      layout_rooms, nicolae_elyvilon_peaceful_grove,
          minmay_temple_entry_statues_fountains, portal_sewer_entry_f,
          serial_shops, shop, kennysheep_potato, uniq_menkaure, uniq_sigmund,
          uniq_duvessa, uniq_grinder
D:5:      layout_cave_pools, trog_book, ebering_ghost_gozag
D:6:      minmay_evil_eye, layout_loops_corners, serial_shops,
          nicolae_diamond_shop
D:7:      layout_basic, lemuel_coloured_pillars_altar,
          mainiacjoe_overflow_alcove_2, mainiacjoe_overflow_six_doors_small,
          mainiacjoe_overflow_catch_the_wave, minivault_11,
          chequers_serial_rivers_large_a, minmay_misc_feat_chi
D:8:      layout_layer_cave, fedhas_altar_1, cheibrodos_ashenzari_chains,
          uniq_maurice
D:9:      layout_long_grid, uniq_erica, uniq_joseph
D:10:     layout_roguey, mainiacjoe_overflow_catwalk, okawaru_gym_becter,
          serial_shops, nicolae_shop_statue_plus, hangedman_corner_corridor
D:11:     minmay_the_grid_triangle_9x9_recursive_3_mashed
          [minmay_the_grid_triangle_9x9_skeleton,
          minmay_the_grid_triangle_9x9_dagger,
          minmay_the_grid_triangle_9x9_checkered,
          minmay_the_grid_triangle_9x9_prize_insulated,
          minmay_the_grid_triangle_9x9_semitri,
          minmay_the_grid_triangle_9x9_impossible_snake,
          minmay_the_grid_triangle_9x9_wacky_v,
          minmay_the_grid_triangle_9x9_pentomino_pain,
          minmay_the_grid_triangle_9x9_sparse_checkered], layout_cross,
          lair_entry_dummy, gauntlet_entry_generic, evilmike_butchery,
          uniq_fannar
Temple:   hellmonk_temple_divided_pantheon
Gauntlet: gammafunk_gauntlet_hard_choice [gammafunk_gauntlet_arena_split_x,
          gammafunk_gauntlet_arena_chambers, nicolae_gauntlet_arena_blocks,
          gammafunk_gauntlet_arena_hedges, nicolae_gauntlet_arena_grate_2,
          nicolae_gauntlet_arena_t_cross, gauntlet_exit_green]

Skill      XL: |  1  2  3  4  5  6  7  8  9 10 11 |
---------------+----------------------------------+-----
Shields        | 4 5 6 7 |  7.3
Armour         | 4 5 7 9 10 11 | 11.8
Axes           | 3 4 5 6 8 11 13 15 | 15.2
Fighting       | 4 5 6 7 8 9 |  9.5
Dodging        | 1 2 3 |  3.6
Unarmed Combat | 1 |  1.7
Stealth        | 1 |  1.8
Evocations     | |  0.1

Action                   |  1- 3 |  4- 6 |  7- 9 | 10-12 || total
-------------------------+-------+-------+-------+-------++-------
Melee: War axe           |    76 |   159 |   265 |   224 ||   724
       Headbutt          |     8 |    27 |    73 |    48 ||   156
       Unarmed           |       |       |    12 |       ||    12
Invok: Divine Shield     |       |       |       |     1 ||     1
Evoke: Wand              |       |     1 |       |     1 ||     2
  Use: Scroll            |       |    12 |     7 |     7 ||    26
       Potion            |       |     3 |       |     4 ||     7
Armor: Scale mail        |    41 |    93 |       |       ||   134
       Chain mail        |       |     6 |   135 |   106 ||   247
       Skin              |       |       |     5 |       ||     5
       Plate armour      |       |       |       |    59 ||    59
Dodge: Dodged            |    31 |   105 |    88 |   118 ||   342
Block: Buckler           |    24 |    52 |    50 |    56 ||   182
